 Dungeon Crawl Stone Soup version 0.25.1-2-g60ff931df9 (webtiles) character file.

Game seed: 10532278997335383248

217846 Curus the Impregnable (level 18, -5/184 HPs)
             Began as a Minotaur Fighter on Oct 21, 2020.
             Was the Champion of Okawaru.
             Slain by a frost giant
             ... wielding a +2 battleaxe of freezing
              (8 damage)
             ... on level 2 of the Depths.
             The game lasted 03:49:03 (44811 turns).

Curus the Impregnable (Minotaur Fighter)           Turns: 44811, Time: 03:49:03

Health: -5/184     AC: 39    Str: 21    XL:     18   Next: 77%
Magic:  22/22      EV: 12    Int:  7    God:    Okawaru [******]
Gold:   129        SH: 25    Dex: 19    Spells: 17/17 levels left

rFire    . . .     SeeInvis +   c - +3 demon blade (flame)
rCold    + . .     Gourm    .   n - +3 tower shield {reflect}
rNeg     . . .     Faith    .   N - +5 plate armour
rPois    .         Spirit   .   q - +2 hat {SInv}
rElec    +         Reflect  +   S - +2 cloak {MR+}
rCorr    .         Harm     .   s - +2 pair of gloves {Dex+3}
MR       ++...                  F - +2 pair of boots
Stlth    ..........             b - amulet of the Air {Inacc +Fly rElec EV+5 RMsl}
HPRegen  0.40/turn              X - ring of protection from cold
MPRegen  0.18/turn              u - +4 ring of slaying

@: studying Fighting, repel missiles
A: retaliatory headbutt, horns 2
a: Heroism, Finesse, Renounce Religion, Evoke Flight


You were on level 2 of the Depths.
You worshipped Okawaru.
Okawaru was exalted by your worship.
You were not hungry.

You visited 7 branches of the dungeon, and saw 32 of its levels.
You also visited: Gauntlet, Ice Cave and Volcano.

You collected 3326 gold pieces.
You spent 3197 gold pieces at shops.

Inventory:

Hand Weapons
 c - a +3 demon blade of flaming (weapon)
Armour
 n - a +3 tower shield of reflection (worn)
 q - a +2 hat of see invisible (worn)
 s - a +2 pair of gloves of dexterity (worn)
 C - +0 acid dragon scales
 F - a +2 pair of boots (worn)
 J - +0 fire dragon scales
 L - the +0 cloak "Ypter" {rElec}
   (Okawaru gifted it to you on level 11 of the Dungeon)

   It insulates you from electricity.
 N - a +5 plate armour (worn)
 S - a +2 cloak of magic resistance (worn)
 Y - a +3 kite shield of protection
Jewellery
 b - the amulet of the Air (around neck) {Inacc +Fly rElec EV+5 RMsl}
   (You found it on level 4 of the Lair of Beasts)

   [amulet of inaccuracy]

   It reduces the accuracy of all your attacks.
   It affects your evasion (+5).
   It insulates you from electricity.
   It lets you fly.
   It protects you from missiles.
 h - a +4 ring of evasion
 p - an uncursed ring of fire
 u - a +4 ring of slaying (right hand)
 v - an uncursed ring of see invisible
 A - a +4 ring of evasion
 D - an uncursed ring of protection from magic
 K - an uncursed ring of poison resistance
 O - an uncursed amulet of the acrobat
 X - a ring of protection from cold (left hand)
 Z - an uncursed ring of positive energy
Wands
 e - a wand of digging (1)
 m - a wand of clouds (4)
 E - a wand of paralysis (7)
 G - a wand of enslavement (22)
 H - a wand of iceblast (43)
 P - a wand of flame (33)
 Q - a wand of polymorph (21)
 R - a wand of acid (17)
Scrolls
 a - 2 scrolls of brand weapon
 d - 5 scrolls of fog
 g - 13 scrolls of teleportation
 i - 6 scrolls of identify
 r - 14 scrolls of remove curse
 w - a scroll of enchant weapon
 x - 2 scrolls of magic mapping
 y - 5 scrolls of fear
 z - 4 scrolls of blinking
Potions
 j - a potion of resistance
 k - 19 potions of curing
 t - a potion of might
 I - 5 potions of haste
Books
 W - a manual of Fighting
Miscellaneous
 l - a tin of tremorstones (3/3)
 B - a tin of tremorstones (3/3)
 M - a box of beasts
 T - a phial of floods
 U - a phial of floods
 V - a phantom mirror
Comestibles
 f - 38 rations
 o - 4 chunks of flesh


   Skills:
 + Level 22.0 Fighting
 - Level 14.0 Long Blades
 + Level 23.0 Armour
 - Level 18.2 Shields
 - Level 7.4 Invocations
 - Level 6.9 Evocations


You had 17 spell levels left.
You didn't know any spells.
Your spell library contained the following spells:

 Spells                   Type           Power        Failure   Level  Hunger
 Animate Skeleton         Necr           N/A          99%         1    ##.....
 Apportation              Tloc           #.....       99%         1    ##.....
 Beastly Appendage        Tmut           #.....       99%         1    ##.....
 Corona                   Hex            #......      99%         1    ##.....
 Foxfire                  Conj/Fire      #...         99%         1    ##.....
 Freeze                   Ice            #...         99%         1    ##.....
 Infusion                 Chrm           #...         99%         1    ##.....
 Pain                     Necr           #...         99%         1    ##.....
 Summon Small Mammal      Summ           #...         99%         1    ##.....
 Ensorcelled Hibernation  Hex/Ice        #.....       100%        2    ###....
 Shroud of Golubria       Chrm/Tloc      #.....       100%        2    ###....
 Slow                     Hex            #.......     100%        2    ###....
 Song of Slaying          Chrm           #.......     100%        2    ###....
 Sticks to Snakes         Tmut           #.......     100%        2    ###....
 Sublimation of Blood     Necr           #.........   100%        2    ###....
 Confusing Touch          Hex            #.......     100%        3    ####...
 Conjure Flame            Conj/Fire      #.......     100%        3    ####...
 Frozen Ramparts          Ice            #.....       100%        3    ####...
 Gell's Gravitas          Tloc           #.........   100%        3    ####...
 Ignite Poison            Fire/Tmut/Pois #.......     100%        3    ####...
 Inner Flame              Hex/Fire       #.......     100%        3    ####...
 Ozocubu's Armour         Chrm/Ice       #.......     100%        3    ####...
 Portal Projectile        Hex/Tloc       #.....       100%        3    ####...
 Spectral Weapon          Hex/Chrm       #.......     100%        3    ####...
 Spider Form              Tmut/Pois      #.........   100%        3    ####...
 Static Discharge         Conj/Air       #.......     100%        3    ####...
 Vampiric Draining        Necr           #.........   100%        3    ####...
 Animate Dead             Necr           N/A          100%        4    #####..
 Cause Fear               Hex            #.........   100%        4    #####..
 Hailstorm                Conj/Ice       #.......     100%        4    #####..
 Ice Form                 Ice/Tmut       #.......     100%        4    #####..
 Leda's Liquefaction      Hex/Erth       #.........   100%        4    #####..
 Petrify                  Tmut/Erth      #.......     100%        4    #####..
 Summon Ice Beast         Ice/Summ       #.......     100%        4    #####..
 Agony                    Necr           #.......     100%        5    ######.
 Alistair's Intoxication  Tmut/Pois      #.......     100%        5    ######.
 Blade Hands              Tmut           #.........   100%        5    ######.
 Excruciating Wounds      Chrm/Necr      #.........   100%        5    ######.
 Irradiate                Conj/Tmut      #.........   100%        5    ######.
 Lightning Bolt           Conj/Air       #.........   100%        5    ######.
 Metabolic Englaciation   Hex/Ice        #.........   100%        5    ######.
 Summon Forest            Summ/Tloc      #.........   100%        5    ######.
 Yara's Violent Unravell  Hex/Tmut       #.........   100%        5    ######.
 Eringya's Noxious Bog    Tmut/Pois      #.........   100%        6    #######
 Freezing Cloud           Conj/Ice/Air   #.........   100%        6    #######
 Hydra Form               Tmut           #.........   100%        6    #######
 Ozocubu's Refrigeration  Ice            #.........   100%        6    #######
 Simulacrum               Ice/Necr       #.........   100%        6    #######
 Statue Form              Tmut/Erth      #........    100%        6    #######
 Dragon Form              Tmut           #.........   100%        7    #######
 Orb of Destruction       Conj           #.........   100%        7    #######
 Ring of Flames           Chrm/Fire      #.........   100%        7    #######
 Spellforged Servitor     Conj/Summ      #.........   100%        7    #######
 Ignition                 Fire           #.........   100%        8    #######
 Shatter                  Erth           #.........   100%        9    #######
 Tornado                  Air            #.........   100%        9    #######


Dungeon Overview and Level Annotations

Branches:
Dungeon (15/15)            Temple (1/1) D:5            Lair (6/6) D:11
 Shoals (3/4) Lair:2       Spider (3/4) Lair:2        Slime (0/5) Lair:6
    Orc (2/2) D:12            Elf (0/3) Orc:2        Vaults (0/5) D:14
 Depths (2/5) D:15          IceCv (visited)         Volcano (visited)
Gauntlet (visited)

Altars:
Ashenzari
Cheibriados
Dithmenos
Elyvilon
Fedhas
Gozag
Hepliaklqana
Kikubaaqudgha
Makhleb
Nemelex Xobeh
Okawaru
Qazlal
Ru
Sif Muna
Trog
Uskayaw
Vehumet
Wu Jian
Xom
Yredelemnul
Zin
The Shining One

Shops:
D:6 %   D:7 *   D:13 %   D:14 **   D:15 !   Orc:1 ?   Orc:2 !?((   Shoals:3 (
Depths:1 **?

Portals:
Hell: Lair:6 Depths:1


Innate Abilities, Weirdness & Mutations

You reflexively headbutt those who attack you in melee.
You have a pair of horns on your head.


Message History

You completely miss the frost giant.
You headbutt the frost giant, but do no damage.
The frost giant is heavily wounded.
You slice the frost giant!! You burn the frost giant!
The frost giant is severely wounded.
You feel like a meek peon again.
The frost giant gestures at you while chanting.
The bolt of cold hits you!! You resist.
* * * LOW HITPOINT WARNING * * *
Okay, then.
Unknown command.
Unknown command.
Evoke which item? (* to show all) (? for menu, Esc to quit)
Aiming: Corrosive Bolt
Press: ? - help, Shift-Dir - straight line, f - frost giant
Aim: a frost giant, wielding a +2 battleaxe of freezing (severely wounded)
The bolt of acid hits the frost giant!
The frost giant is splashed with acid.
The frost giant is almost dead.
The frost giant hits you with a +2 battleaxe of freezing!
You die...

##.#.....#.##?.......#..#.#
#.##.....##.##.###......#.##
.##.......##.....##......<.#
##......%..###.##.##......##
..!......[.[....##.#....#.#
.....}|รท.........#.#..###.#
.....$}}.)...........# #.#
.....:)|.........#.#. #.#
............@C..##.#. #.#
##.........###.##.## #..
.##.......##.....##.
#.##.....##.##.###..
##.#.....#.##.......
#.#.....#.#........
.................
....#.#........


You could see a frost giant.

Vanquished Creatures
  A golden dragon (Depths:2)
  Arachne (Spider:2)
  Jorgrun (Shoals:2)
  A titan (Depths:2)
  Polyphemus (Shoals:2)
  A kraken (Shoals:2)
  The ghost of Gasan the Lord of Darkness, a journeyman DrFE of Kikubaaqudgha (D:13)
  Ilsuiw (Shoals:2)
  A fire giant (Depths:2)
  3 frost giants
  Aizul (Shoals:2)
  A ghost moth (Spider:1)
  2 orc warlords
  3 emperor scorpions
  2 stone giants
  4 entropy weavers
  2 very ugly things (Depths:1)
  The ghost of Apio the Fighter, a journeyman HOAs of Okawaru (D:14)
  A minotaur (Gauntlet)
  Nessos (Lair:6)
  A dire elephant (Lair:6)
  Snorg (D:11)
  2 merfolk impalers
  Josephine (D:15)
  2 yaktaur captains
  A great orb of eyes (Depths:2)
  2 rakshasas
  10 hydras
  2 spriggan air magi (Depths:2)
  2 ice dragons
  A catoblepas (Shoals:2)
  4 vault guards (D:14)
  3 merfolk avatars (Shoals:1)
  Erica (D:10)
  10 death yaks
  9 centaur warriors
  5 ogre magi
  22 two-headed ogres
  5 merfolk aquamancers
  4 tengu warriors
  3 orc high priests (Orc:2)
  A sun demon (Lair:6)
  3 skeletal warriors (D:13)
  An orange crystal statue (Depths:1)
  18 sea snakes
  A glowing orange brain (Depths:1)
  An obsidian statue (D:14)
  2 wizards
  A wolf spider zombie (D:15)
  6 orc knights
  3 harpies (Shoals:1)
  10 orb spiders
  28 wolf spiders
  7 oklob plants
  A necromancer (IceCv)
  6 cyclopes
  5 orc sorcerers (Orc:2)
  20 ugly things
  6 manticores
  6 fauns
  A centaur zombie (D:14)
  6 merfolk sirens
  6 elephants (Lair:1)
  6 moths of wrath
  A black mamba (Lair:1)
  2 water nymphs
  11 spiny frogs
  2 orange demons (Lair:6)
  An ice statue (IceCv)
  A smoke demon (Lair:6)
  Maggie (D:7)
  A kobold demonologist (D:14)
  5 rime drakes
  A rime drake (shapeshifter) (D:15)
  9 yaktaurs
  8 komodo dragons
  6 demonic crawlers
  10 freezing wraiths (IceCv)
  An ice devil (Lair:6)
  6 tengu conjurers
  6 meliai
  3 polar bears
  18 merfolk
  25 jumping spiders
  4 wind drakes
  4 red devils
  A wolf spider simulacrum (IceCv)
  11 trolls
  3 hornets
  A raiju (Gauntlet)
  Grinder (D:4)
  18 slime creatures
  14 dream sheep
  10 blink frogs
  9 snapping turtles
  10 flying skulls (Gauntlet)
  12 hippogriffs
  2 spriggans (Lair:5)
  44 redbacks
  Sigmund (D:5)
  A tarantella (shapeshifter) (Depths:1)
  54 yaks
  A shadow (D:13)
  3 wyverns
  11 water elementals
  7 humans (D:14)
  2 vampires (D:15)
  23 tarantellas
  5 wraiths (D:15)
  2 basilisks
  A human (shapeshifter) (D:15)
  2 hungry ghosts
  A steam dragon (D:11)
  Grum (D:11)
  5 wargs
  Menkaure (D:4)
  6 vampire mosquitoes
  2 death yak simulacra (IceCv)
  Edmund (D:4)
  An acid dragon (D:15)
  11 porcupines
  3 hell hounds (Lair:6)
  16 water moccasins
  29 orc warriors
  6 sky beasts
  3 black bears
  19 ice beasts
  3 boggarts (D:14)
  2 phantoms
  20 ogres
  9 wolves
  21 centaurs
  12 crocodiles
  A big kobold (D:5)
  26 bullfrogs
  Blork the orc (D:4)
  A gnoll sergeant (D:8)
  A wyvern skeleton (D:13)
  8 scorpions
  13 killer bees
  A swamp dragon simulacrum (IceCv)
  5 wights (D:7)
  4 howler monkeys
  An electric eel (Spider:1)
  3 crimson imps
  3 bullfrog zombies
  2 draconian simulacra (IceCv)
  4 jellies
  3 hounds
  16 orc priests
  3 gnoll shamans
  A bullfrog skeleton (D:5)
  An iron imp (Depths:1)
  An iguana (D:13)
  Natasha (thrice) (D:4)
  5 centaur skeletons
  26 orc wizards
  2 lightning spires (Gauntlet)
  A spriggan simulacrum (IceCv)
  A killer bee zombie (D:10)
  6 troll simulacra (IceCv)
  9 worker ants
  4 centaur simulacra (IceCv)
  3 hound skeletons
  2 howler monkey zombies
  Robin (D:3)
  14 adders
  22 gnolls
  4 naga simulacra (IceCv)
  3 ogre simulacra (IceCv)
  A river rat (Lair:6)
  4 shadow imps
  12 white imps (IceCv)
  7 oozes
  3 worms
  6 leopard geckos
  73 orcs
  5 bats
  3 giant cockroaches
  11 goblins
  11 hobgoblins
  2 jackals (D:11)
  2 quokkas (D:3)
  A ball python (D:1)
  A frilled lizard (D:2)
  A jackal skeleton (D:5)
  20 kobolds
  3 leopard gecko zombies
  A quokka zombie (D:5)
  5 rats
  A rat zombie (D:5)
  3 plants
  3 tentacles (Shoals:2)
1197 creatures vanquished.

Vanquished Creatures (collateral kills)
  A merfolk impaler (Shoals:2)
1 creature vanquished.

Vanquished Creatures (others)
  A human (D:14)
  An orc priest (Orc:2)
  An orc wizard (Orc:2)
  A river rat (Lair:6)
  An orc (Orc:2)
  2 fungi (Lair:1)
  36 plants
  10 tentacles (Shoals:2)
53 creatures vanquished.

Grand Total: 1251 creatures vanquished

Notes
Turn   | Place    | Note
-------+----------+-------------------------------------------
     0 | D:1      | Curus the Minotaur Fighter began the quest for the Orb.
     0 | D:1      | Reached XP level 1. HP: 19/19 MP: 0/0
    53 | D:1      | Reached XP level 2. HP: 26/26 MP: 1/1
   674 | D:2      | Reached XP level 3. HP: 31/31 MP: 2/2
   814 | D:2      | Reached skill level 5 in Long Blades
  1025 | D:2      | Reached XP level 4. HP: 30/39 MP: 3/3
  1239 | D:2      | Found a shimmering altar of Xom.
  1318 | D:2      | Found a basalt altar of Yredelemnul.
  1320 | D:2      | Found a shimmering blue altar of Sif Muna.
  1594 | D:3      | Identified the +0 helmet of the Grue {+Fly rElec MR+}
  1594 | D:3      | Noticed Robin
  1610 | D:3      | Killed Robin
  1645 | D:3      | Reached XP level 5. HP: 41/45 MP: 4/4
  2382 | D:3      | Reached XP level 6. HP: 34/51 MP: 5/5
  2850 | D:4      | Noticed Edmund
  2852 | D:4      | Noticed Blork the orc
  2867 | D:4      | Killed Edmund
  2867 | D:4      | Reached XP level 7. HP: 55/57 MP: 6/6
  2875 | D:4      | Killed Blork the orc
  3003 | D:4      | Noticed Menkaure
  3006 | D:4      | Noticed Grinder
  3012 | D:5      | Entered Level 5 of the Dungeon
  3033 | D:5      | Found a staircase to the Ecumenical Temple.
  3044 | D:5      | Reached skill level 10 in Long Blades
  3061 | Temple   | Entered the Ecumenical Temple
  3070 | Temple   | Became a worshipper of Warmaster Okawaru
  3614 | D:5      | Reached * piety under Okawaru
  3614 | D:5      | Reached XP level 8. HP: 64/64 MP: 7/7
  4040 | D:4      | Paralysed by Grinder for 5 turns
  4050 | D:4      | Killed Grinder
  4077 | D:4      | Killed Menkaure
  4313 | D:4      | Noticed Natasha
  4320 | D:4      | Killed Natasha
  4323 | D:4      | Found a blossoming altar of Fedhas.
  4419 | D:4      | Noticed Natasha
  4427 | D:4      | Killed Natasha
  4487 | D:4      | Noticed Natasha
  4491 | D:4      | Killed Natasha
  4613 | D:5      | Noticed Sigmund
  4618 | D:5      | Killed Sigmund
  5108 | D:6      | Reached ** piety under Okawaru
  5108 | D:6      | Reached XP level 9. HP: 70/70 MP: 8/8
  5607 | D:6      | Found Axkapn's Food Shop.
  5792 | D:7      | Found Ozavoeh's Assorted Antiques.
  5796 | D:7      | Bought a scroll of enchant armour for 247 gold pieces
  5796 | D:7      | Bought a potion of curing for 99 gold pieces
  5916 | D:7      | Reached skill level 4 in Armour
  6047 | D:7      | Reached skill level 5 in Fighting
  6047 | D:7      | Reached skill level 5 in Armour
  6383 | D:7      | Reached *** piety under Okawaru
  6404 | D:7      | Reached skill level 6 in Armour
  6478 | D:7      | Noticed Maggie
  6486 | D:7      | Killed Maggie
  6623 | D:7      | Reached skill level 7 in Armour
  6709 | D:7      | Reached XP level 10. HP: 72/86 MP: 9/9
  7326 | D:8      | Identified the +4 halberd of Mujivvim {drain, Int+5 Dex-4}
  7366 | D:8      | Reached skill level 8 in Armour
  8467 | D:9      | Reached **** piety under Okawaru
  8491 | D:8      | HP: 3/90 [large slime creature (14)]
  8500 | D:8      | HP: 4/90 [slime creature (5)]
  8502 | D:8      | Reached skill level 9 in Armour
  8914 | D:9      | Noticed a two-headed ogre
  8946 | D:9      | Killed a two-headed ogre
  9191 | D:9      | Reached skill level 10 in Fighting
  9191 | D:9      | Reached skill level 10 in Armour
  9195 | D:9      | Reached ***** piety under Okawaru
  9690 | D:9      | Found a radiant altar of Vehumet.
 10044 | D:9      | Reached XP level 11. HP: 55/101 MP: 10/10
 10103 | D:10     | Entered Level 10 of the Dungeon
 10225 | D:10     | Noticed a two-headed ogre
 10234 | D:10     | Killed a two-headed ogre
 10234 | D:10     | Received a gift from Okawaru
 10234 | D:10     | Reached skill level 11 in Armour
 10675 | D:10     | Noticed Erica
 10693 | D:10     | Killed Erica
 11607 | D:11     | Noticed Grum
 11616 | D:11     | Killed Grum
 11838 | D:11     | Reached skill level 12 in Armour
 11887 | D:11     | Noticed a green ugly thing
 11896 | D:11     | Killed a green ugly thing
 11896 | D:11     | Received a gift from Okawaru
 11897 | D:11     | Got a faintly humming cloak {god gift}
 11908 | D:11     | Identified the +0 cloak "Ypter" {rElec} (Okawaru gifted it
                  | to you on level 11 of the Dungeon)
 11925 | D:11     | Found a staircase to the Lair.
 11925 | D:11     | Noticed an oklob plant
 11925 | D:11     | Noticed an oklob plant
 11925 | D:11     | Noticed an oklob plant
 12129 | D:11     | Noticed Snorg
 12155 | D:11     | Killed Snorg
 12675 | D:11     | Noticed an orc knight
 12696 | D:11     | Killed an orc knight
 12941 | D:11     | Noticed a red ugly thing
 12955 | D:11     | Killed a red ugly thing
 13082 | D:11     | Reached skill level 13 in Armour
 13531 | D:11     | Killed an oklob plant
 13549 | Lair:1   | Entered Level 1 of the Lair of Beasts
 13565 | Lair:1   | Reached ****** piety under Okawaru
 13565 | Lair:1   | Reached XP level 12. HP: 101/115 MP: 11/11
 13658 | Lair:1   | Reached skill level 1 in Invocations
 13785 | Lair:1   | Reached skill level 5 in Shields
 14583 | Lair:1   | Noticed a six-headed hydra
 14594 | Lair:1   | Killed a one-headed hydra
 14594 | Lair:1   | Received a gift from Okawaru
 14594 | Lair:1   | Reached skill level 5 in Invocations
 15018 | Lair:1   | Identified a scroll of acquirement
 15018 | Lair:1   | Acquired a manual of Armour
 15278 | Lair:2   | Found an iron altar of Okawaru.
 15437 | Lair:2   | Found a hole to the Spider Nest.
 15930 | Lair:2   | Found a staircase to the Shoals.
 16131 | Lair:2   | Noticed a six-headed hydra
 16142 | Lair:2   | Killed a one-headed hydra
 16357 | Lair:3   | Found a frozen archway.
 16396 | IceCv    | Entered an ice cave
 16641 | IceCv    | Received a gift from Okawaru
 16886 | IceCv    | Reached skill level 10 in Shields
 16886 | IceCv    | Reached XP level 13. HP: 95/122 MP: 17/17
 17301 | IceCv    | Found an ancient bone altar of Kikubaaqudgha.
 18205 | Lair:3   | Reached skill level 14 in Armour
 18555 | Lair:3   | Reached skill level 15 in Armour
 19110 | Lair:4   | Found a dark tunnel.
 19121 | Volcano  | Entered a volcano
 19435 | Lair:4   | Found the amulet of the Air {Inacc +Fly rElec EV+5 RMsl}
 19802 | Lair:5   | Received a gift from Okawaru
 19802 | Lair:5   | Reached skill level 16 in Armour
 19881 | Lair:5   | Reached skill level 15 in Fighting
 20358 | Lair:5   | Reached skill level 17 in Armour
 20600 | Lair:5   | Received a gift from Okawaru
 21101 | Lair:6   | Entered Level 6 of the Lair of Beasts
 21148 | Lair:6   | Reached XP level 14. HP: 135/135 MP: 18/18
 21520 | Lair:6   | Found a staircase to the Slime Pits.
 21701 | Lair:6   | Reached skill level 18 in Armour
 21757 | Lair:6   | Noticed Nessos
 21767 | Lair:6   | Killed Nessos
 22010 | Lair:6   | Found a burning altar of Makhleb.
 22016 | Lair:6   | Received a gift from Okawaru
 22088 | Lair:6   | Reached skill level 19 in Armour
 22364 | Lair:6   | Found a gateway to Hell.
 23431 | D:12     | Received a gift from Okawaru
 23533 | D:12     | Found a staircase to the Orcish Mines.
 23606 | Orc:1    | Entered Level 1 of the Orcish Mines
 23712 | Orc:1    | Found Epsuc's Magic Scroll Shop.
 23772 | Orc:1    | Bought a scroll of fear for 45 gold pieces
 23772 | Orc:1    | Bought a scroll of brand weapon for 260 gold pieces
 23980 | Orc:1    | Noticed an orc warlord
 24005 | Orc:1    | Killed an orc warlord
 24339 | Orc:2    | Entered Level 2 of the Orcish Mines
 24378 | Orc:2    | Found a staircase to the Elven Halls.
 24398 | Orc:2    | Noticed an orc warlord
 24434 | Orc:2    | Killed an orc warlord
 24456 | Orc:2    | Received a gift from Okawaru
 24464 | Orc:2    | Got a brightly glowing long sword {god gift}
 24786 | Orc:2    | Reached skill level 20 in Armour
 24952 | Orc:1    | Identified the +3 long sword of Blood {vorpal, rC+ Str+3}
                  | (Okawaru gifted it to you on level 2 of the Orcish Mines)
 25211 | Orc:2    | Found Nupua's Antique Weapon Emporium.
 25238 | Orc:2    | Reached XP level 15. HP: 147/147 MP: 19/19
 25348 | Orc:2    | Paralysed by an orc sorcerer for 3 turns
 25561 | Orc:2    | Found Mepef's Magic Scroll Shop.
 25566 | Orc:2    | Bought a scroll of enchant weapon for 135 gold pieces
 25566 | Orc:2    | Bought a scroll of enchant armour for 135 gold pieces
 25566 | Orc:2    | Bought 2 scrolls of enchant armour for 270 gold pieces
 25566 | Orc:2    | Bought a scroll of fear for 63 gold pieces
 25566 | Orc:2    | Bought a scroll of fog for 36 gold pieces
 25665 | Orc:2    | Found Nitoghu's Distillery.
 25667 | Orc:2    | Found Jurutext's Weapon Emporium.
 25673 | Orc:2    | Bought a potion of resistance for 130 gold pieces
 25673 | Orc:2    | Bought a potion of berserk rage for 65 gold pieces
 25673 | Orc:2    | Bought a potion of curing for 39 gold pieces
 25673 | Orc:2    | Bought a potion of berserk rage for 65 gold pieces
 25673 | Orc:2    | Bought a potion of heal wounds for 65 gold pieces
 26190 | D:12     | You fall into a shaft and drop 2 floors!
 26360 | D:14     | Found a runed translucent gate.
 26360 | D:14     | Found a runed translucent gate.
 26361 | D:14     | Found an opulent altar of Gozag.
 26362 | D:14     | Noticed a frost giant
 26363 | D:14     | Found a runed translucent gate.
 26363 | D:14     | Found Itemer's Assorted Antiques.
 26363 | D:14     | Noticed Apio's ghost (journeyman HOAs)
 26369 | D:14     | Found Pytoir's Assorted Antiques.
 26435 | D:14     | You fall into a shaft and drop 1 floor!
 26435 | D:15     | Entered Level 15 of the Dungeon
 26505 | D:15     | Received a gift from Okawaru
 27116 | D:15     | Noticed Josephine
 27132 | D:15     | Killed Josephine
 27168 | D:15     | Found Tozokun's Distillery.
 27172 | D:15     | Bought a potion of curing for 45 gold pieces
 27172 | D:15     | Bought 2 potions of haste for 300 gold pieces
 27172 | D:15     | Bought a potion of mutation for 120 gold pieces
 27188 | D:13     | Found a gate leading to a gauntlet.
 27212 | D:13     | Reached skill level 21 in Armour
 27259 | Gauntlet | Entered a Gauntlet
 27259 | Gauntlet | Found a transporter.
 27459 | Gauntlet | Found a transporter.
 27472 | Gauntlet | Found a transporter.
 27475 | Gauntlet | Found a transporter.
 27485 | Gauntlet | Found a transporter.
 27505 | Gauntlet | Found a transporter.
 27518 | Gauntlet | Found a transporter.
 27535 | Gauntlet | Found a transporter.
 27539 | Gauntlet | Found a transporter.
 27543 | Gauntlet | Found a runed translucent door.
 27547 | Gauntlet | Found a transporter.
 27555 | Gauntlet | Found a runed translucent door.
 27577 | Gauntlet | Found a transporter.
 27577 | Gauntlet | Found a transporter.
 27712 | Gauntlet | Identified Toril's Tome of Fire and Attacks
 27721 | Gauntlet | Got a pair of crude boots
 27732 | Gauntlet | Identified the cursed +0 pair of boots "Faenannoma"
                  | {*Corrode +Blink Str+4} (You found it in a Gauntlet)
 27968 | Gauntlet | Identified the Catalogue of Assistive Calling
 28079 | D:13     | Found a transporter.
 28085 | D:13     | Identified the +7 mace of the Hierophant {holy, *Contam
                  | rElec rF+ Str+4}
 28097 | D:13     | Found a bloodstained altar of Trog.
 28097 | D:13     | Noticed Gasan's ghost (journeyman DrFE)
 28098 | D:13     | Identified the +8 great mace "Hoibaj" {vamp, *Corrode rF+
                  | Int+3}
 28460 | D:13     | Found Hoschoem's Food Boutique.
 28539 | D:13     | Found a transporter.
 29344 | D:14     | Received a gift from Okawaru
 29360 | D:14     | Reached XP level 16. HP: 107/161 MP: 20/20
 29512 | D:14     | Found a gate to the Vaults.
 29786 | D:14     | Killed Apio's ghost
 30156 | D:14     | Received a gift from Okawaru
 30180 | D:14     | Bought a potion of curing for 66 gold pieces
 30180 | D:14     | Bought a scroll of teleportation for 66 gold pieces
 30185 | D:14     | Bought a potion of curing for 102 gold pieces
 30185 | D:14     | Bought a scroll of teleportation for 102 gold pieces
 30799 | D:15     | Found a staircase to the Depths.
 30837 | D:15     | Reached skill level 22 in Armour
 30983 | D:13     | Killed Gasan's ghost
 31484 | Shoals:1 | Entered Level 1 of the Shoals
 31535 | Shoals:1 | Reached skill level 1 in Evocations
 31835 | Shoals:1 | HP: 8/162 [poisoned by a sea snake]
 31840 | Shoals:1 | HP: 7/162 [poisoned by a sea snake]
 31845 | Shoals:1 | HP: 6/162 [poisoned by a sea snake]
 31851 | Shoals:1 | HP: 6/162 [poisoned by a sea snake]
 31859 | Shoals:1 | HP: 7/162 [poisoned by a sea snake]
 32548 | Shoals:1 | Received a gift from Okawaru
 32552 | Shoals:1 | Got a spiked buckler {god gift}
 32914 | Shoals:1 | Identified the +0 buckler "Kuceosas" {Regen+} (Okawaru
                  | gifted it to you on level 1 of the Shoals)
 32916 | Shoals:2 | Noticed Jorgrun
 32946 | Shoals:2 | Killed Jorgrun
 33097 | Shoals:2 | Noticed Polyphemus
 33162 | Shoals:2 | Killed Polyphemus
 33174 | Shoals:2 | Reached skill level 5 in Evocations
 33800 | Shoals:2 | Noticed Ilsuiw
 33868 | Shoals:2 | Killed Ilsuiw
 34202 | Shoals:2 | Noticed Aizul
 34253 | Shoals:2 | Killed Aizul
 34545 | Shoals:2 | Reached XP level 17. HP: 122/170 MP: 21/21
 34861 | Shoals:1 | Received a gift from Okawaru
 35936 | Shoals:2 | Noticed a kraken
 35962 | Shoals:2 | Killed a kraken
 36470 | Shoals:3 | Found Akesam's Antique Weapon Emporium.
 37233 | Spider:1 | Entered Level 1 of the Spider Nest
 37580 | Spider:1 | Reached skill level 15 in Shields
 38081 | Spider:1 | Received a gift from Okawaru
 38950 | Spider:2 | Noticed Arachne
 40380 | Spider:2 | Killed Arachne
 40386 | Spider:2 | Reached XP level 18. HP: 89/178 MP: 22/22
 40430 | Spider:2 | Received a gift from Okawaru
 40431 | Spider:2 | Got an ancient chain mail {god gift}
 41022 | Spider:2 | Identified the +7 chain mail "Huopivae" {Str+4} (Okawaru
                  | gifted it to you on level 2 of the Spider Nest)
 43007 | D:14     | Acquired a manual of Fighting
 43045 | Depths:1 | Entered Level 1 of the Depths
 43270 | Depths:1 | Identified the Collected Works on Helpful Cold
 44163 | Depths:1 | Found Uziffot's Magic Scroll Boutique.
 44165 | Depths:1 | Found Ecuph's General Store.
 44167 | Depths:1 | Found Norog's Assorted Antiques.
 44186 | Depths:1 | Bought an orange potion for 18 gold pieces
 44186 | Depths:1 | Bought a diamond ring for 100 gold pieces
 44186 | Depths:1 | Bought a scroll of blinking for 150 gold pieces
 44186 | Depths:1 | Bought a scroll of teleportation for 60 gold pieces
 44186 | Depths:1 | Bought a potion of curing for 60 gold pieces
 44194 | Depths:1 | Bought a potion of curing for 51 gold pieces
 44194 | Depths:1 | Bought a scroll of blinking for 127 gold pieces
 44194 | Depths:1 | Bought a scroll of fear for 59 gold pieces
 44194 | Depths:1 | Bought a potion of might for 68 gold pieces
 44196 | Depths:1 | Bought a scroll of fear for 49 gold pieces
 44260 | Depths:1 | Received a gift from Okawaru
 44704 | Depths:2 | Noticed a golden dragon
 44730 | Depths:2 | Killed a golden dragon
 44790 | Depths:2 | Reached skill level 23 in Armour
 44810 | Depths:2 | HP: 3/184 [frost giant/bolt of cold (28)]
 44811 | Depths:2 | Slain by a frost giant

Illustrated notes

Levels and vault maps discovered:
D:1:      onia_arrival_handbag, layout_basic
D:2:      layout_basic, grunt_temple_overflow_open, small_statue_intersection,
          minmay_splitting_lines, chequers_serial_rivers_micro_d,
          minmay_pentomino_x2
D:3:      layout_rooms, serial_forest, infiniplex_forest_clump_tiny,
          infiniplex_forest_lined_1, uniq_robin
D:4:      layout_loops_ring, first_ration, fedhas_altar_4, uniq_edmund,
          uniq_grinder, uniq_natasha, uniq_menkaure, uniq_blork_the_orc
D:5:      cheibrodos_thug_alley, layout_basic, temple_fountains,
          enter_ossuary_4, kennysheep_generic_room_2, uniq_sigmund
D:6:      layout_loops_corners, serial_shops, shop, grunt_ministairs_7
D:7:      hangedman_cross_stitches, layout_basic, serial_shops, shop,
          uniq_maggie
D:8:      layout_basic
D:9:      layout_basic, fiery_altar_vehumet
D:10:     layout_stronghold, uniq_erica
D:11:     layout_roguey, dpeg_oklobed_lair, minivault_20, uniq_snorg, uniq_grum
D:12:     layout_loops_ring, david_orc_2
D:13:     layout_cave_pools, gauntlet_entry_generic,
          gammafunk_ghost_wrathful_warriors, serial_shops, shop
D:14:     layout_loops_ring, ximxim_vaults_locker_room,
          hangedman_abyss_or_decor_passed, ebering_ghost_gozag
D:15:     grunt_enter_depths_snipers, layout_long_grid, serial_shops,
          shop_statue, hangedman_decor_points, uniq_josephine
Temple:   nicolae_temple_no_exploring_needed
Lair:1:   layout_layer_cave, grunt_megastairs_3
Lair:2:   layout_regular_city, minmay_shoals_entry_hut,
          spider_nest_entry_rubble, basic_altar, cheibrodos_lair_caveside_slide,
          minmay_lair_oklob_chamber
Lair:3:   layout_roguey, portal_ice_cave_entry_ice_beasts
Lair:4:   layout_cave_shapes, nicolae_volcano_entry_lava_flow,
          grunt_forest_small_clearing_treed, serial_bayou_shore_b,
          serial_bayou_shore_b
Lair:5:   layout_long_grid, forest_entry_grove
Lair:6:   evil_forest, layout_long_grid, nicolae_slime_entry_slimehenge,
          st_stairs_7, pond, serial_bayou_shore_a, uniq_nessos
Shoals:1: cheibrodos_shoals_three_sisters, layout_shoals, centaur_isle
Shoals:2: layout_shoals, uniq_polyphemus, uniq_aizul, uniq_ilsuiw, uniq_jorgrun
Shoals:3: layout_shoals, nicolae_shoals_c_island
Spider:1: layout_spider_delve
Spider:2: layout_spider_delve, drop_trap, nicolae_arachne_temple
Spider:3: layout_spider_delve, uniq_arachne
Orc:1:    layout_diamond_mine, serial_shops, shop
Orc:2:    st_orc_elflike, layout_caves, nicolae_orc_pool_cavern
Depths:1: layout_cross, grunt_hell_entry_dis_old, minmay_fountain_box,
          minmay_protected_statue, minmay_shop_star
Depths:2: minmay_strange_plus, layout_cave_shapes, serial_co_window_serial,
          co_window_corner_a, co_window_of_opportunity_a, co_window_corner_a,
          co_window_of_opportunity_a, co_window_paths_b,
          co_window_unsneaky_path_e, co_window_paths_c,
          co_window_unsneaky_path_b, co_window_unsneaky_path_b,
          co_window_of_opportunity_b, co_window_of_opportunity_b,
          glass_columns_b, glass_columns_a, hell_entry

Skill      XL: |  1  2  3  4  5  6  7  8  9 10 11 12 13 14 15 16 17 18 |
---------------+-------------------------------------------------------+-----
Long Blades    | 3 4 5 6 7 9 11 13 14 | 14.0
Fighting       | 7 10 13 15 17 19 20 22 | 22.0
Armour         | 7 10 13 17 20 21 22 23 | 23.0
Shields        | 10 12 17 18 | 18.2
Invocations    | 7 |  7.4
Evocations     | 5 6 |  6.9

Action                   |  1- 3 |  4- 6 |  7- 9 | 10-12 | 13-15 | 16-18 || total
-------------------------+-------+-------+-------+-------+-------+-------++-------
Melee: Long sword        |    77 |   164 |   295 |   315 |       |       ||   851
       Headbutt          |     8 |    24 |    49 |   227 |   485 |   661 ||  1454
       Scimitar          |       |       |       |   547 |   211 |       ||   758
       Demon blade       |       |       |       |       |  1557 |  2148 ||  3705
Invok: Heroism           |       |       |       |     6 |     8 |    18 ||    32
       Finesse           |       |       |       |       |       |     1 ||     1
 Abil: Evoke Flight      |       |       |       |       |       |    20 ||    20
Evoke: Wand              |       |       |     2 |     3 |    12 |    12 ||    29
       Tin of tremorston |       |       |       |       |     1 |       ||     1
       Phantom mirror    |       |       |       |       |       |     1 ||     1
       Phial of floods   |       |       |       |       |       |     1 ||     1
  Use: Scroll            |     6 |     5 |     6 |     9 |    14 |    18 ||    58
       Potion            |     3 |       |     5 |     5 |     4 |     9 ||    26
  Eat: Chunk             |       |     3 |    13 |    20 |    29 |    33 ||    98
       Ration            |       |     1 |       |     4 |     4 |     6 ||    15
Armor: Scale mail        |    22 |    62 |    47 |       |       |       ||   131
       Skin              |       |       |    26 |       |       |       ||    26
       Acid dragon scale |       |       |     8 |     4 |     4 |       ||    16
       Chain mail        |       |       |       |    45 |       |       ||    45
       Plate armour      |       |       |       |   259 |   811 |   887 ||  1957
       Fire dragon scale |       |       |       |       |       |    63 ||    63
Dodge: Dodged            |    23 |    85 |    88 |   143 |   364 |   672 ||  1375
       Repelled          |       |       |       |       |       |    41 ||    41
Block: Kite shield       |    40 |   103 |   105 |   453 |  1108 |   625 ||  2434
       Tower shield      |       |       |       |       |       |  1544 ||  1544
       Reflection        |       |       |       |       |       |    44 ||    44
       Rpst.: Long sword |     5 |    20 |    22 |    14 |       |       ||    61
       Scimitar          |       |       |       |    22 |    10 |       ||    32
       Demon blade       |       |       |       |       |    77 |   130 ||   207
